 Dungeon Crawl Stone Soup version 0.29.1-2-gbd0b4ee654 (webtiles) character file.

Game seed: 10589351071635064925

102 zeram the Trooper (level 5, 0/41 HPs)
             Began as a Djinni Fighter on Nov 10, 2022.
             Slain by an adder (2 damage)
             ... on level 4 of the Dungeon.
             The game lasted 00:04:01 (2241 turns).

zeram the Trooper (Djinni Fighter)                  Turns: 2241, Time: 00:04:02

Health: 0/41       AC:  9    Str: 21    XL:     5   Next: 6%
Gold:   113        EV:  9    Int: 11    God:
                   SH:  5    Dex: 13

rFire   + + .      SeeInvis .   a - +0 long sword
rCold   x . .      Faith    .   c - +0 buckler
rNeg    . . .      Spirit   .   b - +0 scale mail
rPois   ∞          Reflect  .   i - +0 helmet
rElec   .          Harm     .   p - +0 cloak
rCorr   .          Rampage  .   (no gloves)
Will    +....                   (boots unavailable)
Stlth   ..........              o - amulet of the acrobat
HPRegen 0.13/turn               l - ring of willpower
MPRegen 0.00/turn               n - +6 ring of strength

@: mighty, flying
A: sickness immunity, fire resistance 2, cold vulnerability 1, float, innate
caster, HP casting, extra vitality 1
a: no special abilities


You were on level 4 of the Dungeon.
You visited 1 branch of the dungeon, and saw 4 of its levels.

You collected 113 gold pieces.

Inventory:

Hand Weapons
 a - a +0 long sword (weapon)
Armour
 b - a +0 scale mail (worn)
 c - a +0 buckler (worn)
 i - a +0 helmet (worn)
 p - a +0 cloak (worn)
Jewellery
 l - a ring of willpower (left hand)
 n - a +6 ring of strength (right hand)
 o - an amulet of the acrobat (around neck)
 r - a ring of positive energy
Wands
 s - a wand of flame (11)
Scrolls
 e - 3 scrolls of teleportation
 f - a scroll of vulnerability {unknown}
 g - a scroll of enchant armour {unknown}
 j - 2 scrolls of enchant weapon {unknown}
 m - 2 scrolls of identify {unknown}
 u - a scroll of butterflies {unknown}
Potions
 d - 2 potions of might
 h - 2 potions of haste {unknown}
 k - 2 potions of curing {unknown}
 q - a potion of flight {unknown}
 t - a potion of cancellation {unknown}


   Skills:
 + Level 3.9 Fighting
 - Level 1.7 Long Blades
 - Level 3.0 Armour
 + Level 1.3 Dodging
 + Level 3.8 Shields
 * Level 1.3 Spellcasting


You had 3 spell levels left.
You knew the following spells:

 Your Spells              Type           Power      Damage    Failure   Level
a - Shock                 Conj/Air       12%        1d3       54%         1
b - Call Imp              Summ           3%         N/A       69%         2
Your spell library was empty.

Dungeon Overview and Level Annotations

Branches:
Dungeon (4/15)
 Temple: D:4-7

Altars:

Shops:
D:1 !   D:3 !   D:4 [

Annotations:
D:3 Sigmund


Innate Abilities, Weirdness & Mutations

You are immune to sickness and miasma.
You are immune to poison.
Your flesh is very heat resistant. (rF++)
You are vulnerable to cold. (rC-)
You float through the air rather than walking.
You learn spells naturally, not from books.
Your magical power is your life essence.
You have superior vitality. (+4 MHP)


Message History

Unknown command.
You miss the adder.
The adder is lightly wounded.
The adder bites you but does no damage. The necrophage barely misses you.
The ice beast misses you. The adder bites you but does no damage.
You block the ice beast's attack.
The necrophage hits you but does no damage.
Unknown command.
You barely miss the ice beast. The adder bites you but does no damage.
The necrophage hits you but does no damage.
The ice beast hits you but does no damage.
The adder bites you but does no damage.
Unknown command.
You feel very mighty all of a sudden. The adder bites you but does no damage.
The ice beast hits you but does no damage.
The necrophage hits you but does no damage.
You hit the ice beast.
The ice beast is lightly wounded.
The adder barely misses you.
The ice beast hits you but does no damage.
The necrophage hits you but does no damage.
The adder barely misses you. The necrophage hits you. The ice beast hits you.
The ice beast freezes you!
You feel a terrible chill!
* * * LOW HITPOINT WARNING * * *
You slash the ice beast!
The ice beast is heavily wounded.
The adder bites you but does no damage. The necrophage hits you.
* * * LOW HITPOINT WARNING * * *
The adder bites you but does no damage. You block the ice beast's attack.
Unknown command.
You barely miss the ice beast.
The ice beast is heavily wounded.
The adder closely misses you. You block the necrophage's attack.
The ice beast hits you.
* * * LOW HITPOINT WARNING * * *
The ice beast freezes you!
You feel a terrible chill!
* * * LOW HITPOINT WARNING * * *
The adder bites you.
You die...

##........ ##..............
#......8........
######............#
##........>.......#
##................#
#.....#..8)..∩...8###
##....#..@n.........#
#.......YS.)..<....##
#................S..#
..............)8...Kn..#####
...#...#.............#.......
...
######.....#......##.....# #.
....#.......###..##.# .
.....##......# #.#.. #
...>##.#....# #.#..#


You could see an ice beast, a necrophage and an adder.

Vanquished Creatures
  A howler monkey (D:2)
  A worm (D:2)
  An orc (D:4)
  6 bats
  6 endoplasms
  A giant cockroach (D:2)
  8 goblins
  2 hobgoblins (D:2)
  4 jackals (D:1)
  2 quokkas
  8 ball pythons
  A frilled lizard (D:1)
  5 kobolds
  8 rats
54 creatures vanquished.

Notes
Turn   | Place    | Note
-------+----------+-------------------------------------------
     0 | D:1      | zeram the Djinni Fighter began the quest for the Orb.
     0 | D:1      | Reached XP level 1. HP: 20/20 MP: 0/0
    64 | D:1      | Reached XP level 2. HP: 20/25 MP: 0/0
   472 | D:1      | Reached XP level 3. HP: 22/30 MP: 0/0
   472 | D:1      | Learned a level 1 spell: Shock
   588 | D:1      | Found Dap Zot's Distillery.
  1294 | D:2      | Reached skill level 1 in Dodging
  1294 | D:2      | Reached skill level 1 in Spellcasting
  1294 | D:2      | Reached XP level 4. HP: 27/37 MP: 0/0
  1790 | D:2      | Reached XP level 5. HP: 41/41 MP: 0/0
  1790 | D:2      | Learned a level 2 spell: Call Imp
  2080 | D:3      | Found Nakiti's Distillery.
  2180 | D:3      | Noticed Sigmund
  2197 | D:4      | Found Axufizit's Antique Armour Shop.
  2205 | D:4      | Noticed an ice beast
  2241 | D:4      | HP: 2/41 [ice beast (7)]
  2241 | D:4      | Slain by an adder

Illustrated notes

Levels and vault maps discovered:
D:1:      dpeg_arrival_connections, layout_rooms, serial_shops, shop_statue
D:2:      layout_basic
D:3:      layout_basic, serial_shops, nicolae_shop_waterfront, uniq_sigmund,
          uniq_ijyb
D:4:      layout_cave_pools, amcnicky_altar_gilded, serial_shops, shop, shop,
          shop, nicolae_lakefront_shop, nicolae_stop_n_shop_1

Skill      XL: |  1  2  3 |
---------------+----------+-----
Dodging        | 1 |  1.3
Spellcasting   | 1 |  1.3
Fighting       | |  3.9
Long Blades    | |  1.7
Armour         | |  3.0
Shields        | |  3.8

Action                   |  1- 3 |  4- 6 || total
-------------------------+-------+-------++-------
Melee: Long sword        |   111 |    47 ||   158
  Use: Scroll            |       |     1 ||     1
       Potion            |       |     1 ||     1
Armor: Scale mail        |    69 |    31 ||   100
Dodge: Dodged            |    62 |    35 ||    97
Block: Buckler           |    31 |    22 ||    53
